 Dungeon Crawl Stone Soup version 0.19-a0-32-gbfd796a (webtiles) character file.

332 Gorice the Cutter (level 6, -4/44 HPs)
             Began as a Demonspawn Assassin on May 2, 2016.
             Killed by nerve-wracking pain
             ... invoked by Grinder
              (9 damage)
             ... on level 3 of the Dungeon.
             The game lasted 00:17:23 (3081 turns).

Gorice the Cutter (Demonspawn Assassin)             Turns: 3081, Time: 00:17:24

Health: -4/44      AC:  6    Str: 13    XL:     6   Next: 26%
Magic:  6/6        EV: 19    Int: 12    God:
Gold:   82         SH:  0    Dex: 20    Spells: 0 memorised, 5 levels left

rFire  . . .     SeeInvis .     t - -2 short sword (curse)
rCold  . . .     Gourm    .     j - +0 leather armour
rNeg   . . .     Faith    .     (no shield)
rPois  .         Spirit   .     n - +0 helmet
rElec  .         Dismiss  .     d - +0 cloak
rCorr  .         Reflect  .     k - +0 pair of gloves
SustAt .         Harm     .     (no boots)
MR     .....                    (no amulet)
Stlth  ++++......               (no ring)
                                (no ring)

@: agile, very slightly contaminated, not resistant to hostile enchantments,
stealthy
A: repulsion field 2, demonic guardian 1
a: no special abilities


You were on level 3 of the Dungeon.
You were very hungry.

You visited 1 branch of the dungeon, and saw 4 of its levels.

You collected 82 gold pieces.

Inventory:

Hand Weapons
 a - a +2 dagger
 b - a +0 blowgun
 c - a +0 hunting sling
 h - a +0 short sword
 t - a cursed -2 short sword (weapon)
 v - a +2 flail of draining
   (You found it on level 3 of the Dungeon)
 x - a +1 long sword of electrocution
   (You found it on level 4 of the Dungeon)
Missiles
 e - 20 poisoned needles
 f - 2 curare-tipped needles
 i - 76 sling bullets
 q - 11 bolts
 Z - 127 stones (quivered)
Armour
 d - a +0 cloak (worn)
 j - a +0 leather armour (worn)
 k - a +0 pair of gloves (worn)
 n - a +0 helmet (worn)
 p - a +0 chain mail
Magical Staves
 s - an uncursed staff of poison {unknown}
Scrolls
 w - a scroll of blinking
Potions
 r - 2 potions of agility {!q}
 u - a potion of berserk rage
Comestibles
 g - 2 bread rations {!e}
 l - a meat ration {!e}


   Skills:
 - Level 2.0 Fighting
 + Level 5.3 Short Blades
 - Level 3.3 Throwing
 - Level 0.8 Dodging
 - Level 3.6 Stealth


You had 5 spell levels left.
You didn't know any spells.

Dungeon Overview and Level Annotations

Branches:
Dungeon (4/15)
 Temple: D:4-7

Altars:

Annotations:
D:3 pUX: Grinder!, Grinder
D:4 Pikel


Innate Abilities, Weirdness & Mutations

You are surrounded by a moderate repulsion field (EV +3).
A weak demonic guardian rushes to your aid.


Message History

Unknown command.
Unknown command.
Unknown command.
Unknown command.
Unknown command.
Unknown command.
Unknown command.
Unknown command.
Unknown command.
Unknown command.
Unknown command.
Unknown command.
Unknown command.
Unknown command.
Unknown command.
Unknown command.
Unknown command.
Unknown command.
Unknown command.
Unknown command.
Read which item? (? for menu, Esc to quit)
Blink to where?
Press: ? - help, Dir - move target cursor You are very lightly contaminated with residual magic.
As you read the scroll of blinking, it crumbles to dust. 2 slaves come into view.
The slave moves out of view.
You hear the slow hiss of a very distant avalanche of sand.
Really walk into a travel-excluded area?
Uppercase [Y]es or [N]o only, please.
Really walk into a travel-excluded area?
Pikel the Slaver comes into view.
He is wielding a whip of freezing.
You feel sick. The slave barely misses you.
Pikel moves out of view.
Damage: 1 (max 27)
A slave comes into view.
There is a stone staircase leading up here.
Warning, next level annotated: pUX: Grinder!, Grinder Enter next level anyway?
The slave hits you but does no damage.
Your white imp gestures at the slave.
The puff of frost hits the slave.
You climb upwards.
You feel sick.
You are no longer poisoned.
There is a stone staircase leading down here.
Damage: 1 (max 27) Grinder misses you. The slave completely misses you.
Grinder gestures at you. Pain shoots through your body!
You die...

.......# .......# #### .......#
#..# .......# ##### #..# .......#
#...# #..# .......## #...## #..##
........# #....# #...# .<......#
#....#####.#.# ........#
####@..#...#.########
........########.#...#.........(.
.....##.#.......p5.........####..
##.#.##.#............####.....5.#
#.#....#.....>............##....
#.####.............#....#.###...
#.# ##............#....#..#....
#.. #.######.###......##......
#.####....###.###.#.......##...


You could see Grinder and a slave.

Vanquished Creatures
  Menkaure (D:4)
  A howler monkey (D:4)
  Natasha (D:4)
  A worker ant (D:3)
  6 adders
  3 worms (D:2)
  2 giant geckos
  5 orcs (D:3)
  4 giant cockroaches
  8 goblins
  3 hobgoblins
  8 kobolds
  A quokka (D:3)
  4 bats
  2 giant newts
  5 rats
55 creatures vanquished.

Vanquished Creatures (collateral kills)
  A worker ant (D:4)
  A hound skeleton (D:4)
  An orc (D:4)
  A ball python (D:4)
4 creatures vanquished.

Vanquished Creatures (others)
  4 toadstools (D:1)
4 creatures vanquished.

Grand Total: 63 creatures vanquished

Notes
Turn   | Place    | Note
--------------------------------------------------------------
     0 | D:1      | Gorice the Demonspawn Assassin began the quest for the Orb.
     0 | D:1      | Reached XP level 1. HP: 16/16 MP: 1/1
   139 | D:1      | Reached skill level 2 in Short Blades
   139 | D:1      | Reached skill level 2 in Throwing
   290 | D:1      | Gained mutation: You are surrounded by a mild repulsion field (EV +2). [demonic ancestry]
   290 | D:1      | Reached XP level 2. HP: 20/22 MP: 2/2
   943 | D:2      | Gained mutation: You are surrounded by a moderate repulsion field (EV +3). [demonic ancestry]
   943 | D:2      | Reached XP level 3. HP: 19/27 MP: 3/3
  1352 | D:2      | Reached skill level 3 in Short Blades
  1562 | D:3      | Noticed Grinder
  1585 | D:2      | Reached skill level 3 in Throwing
  1585 | D:2      | Reached XP level 4. HP: 13/33 MP: 4/4
  1937 | D:3      | HP: 6/33 [orc/hand axe (6)]
  1987 | D:3      | HP: 8/33 [giant gecko (2)]
  1992 | D:3      | HP: 5/33 [orc/club (3)]
  2630 | D:3      | HP: 8/33 [worker ant (3)]
  2851 | D:3      | Reached XP level 5. HP: 32/38 MP: 5/5
  2978 | D:4      | Noticed Natasha
  3000 | D:4      | Noticed Menkaure
  3012 | D:4      | Killed Menkaure
  3012 | D:4      | Reached skill level 5 in Short Blades
  3022 | D:4      | Gained mutation: A weak demonic guardian rushes to your aid. [demonic ancestry]
  3022 | D:4      | Reached XP level 6. HP: 22/44 MP: 6/6
  3034 | D:4      | Killed Natasha
  3046 | D:4      | HP: 12/44 [worker ant (6)]
  3051 | D:4      | HP: 11/44 [worker ant (3)]
  3056 | D:4      | HP: 8/44 [poisoned by a worker ant]
  3063 | D:4      | HP: 6/44 [poisoned by a worker ant]
  3068 | D:4      | Noticed a slave
  3070 | D:4      | HP: 5/44 [poisoned by a worker ant]
  3072 | D:4      | Noticed a slave
  3072 | D:4      | Noticed a slave
  3074 | D:4      | Noticed Pikel
  3075 | D:4      | Noticed a slave
  3077 | D:3      | HP: 4/44 [poisoned by a worker ant]
  3081 | D:3      | Killed from afar by Grinder

Vault maps used:
D:1:      ldierk_water_garden, hangedman_glass_teeth
D:2:      st_stairs_9
D:3:      st_stairs_9, uniq_grinder
D:4:      kennysheep_big_flooded_room, minmay_temple_entry_large_hall,
          nicolae_ossuary_entry_ruins, first_bread, grunt_ministairs_15,
          elyvilon_altar_4, uniq_pikel, uniq_menkaure, uniq_natasha

Skill      XL: |  1  2  3  4  5 |
---------------+----------------+-----
Short Blades   | 2 3 5 |  5.3
Throwing       | 2 3 |  3.3
Fighting       | |  2.0
Dodging        | |  0.8
Stealth        | |  3.6

Action                   |  1- 3 |  4- 6 || total
-------------------------+-------+-------++-------
Melee: Dagger            |    60 |       ||    60
       Short sword       |    21 |   204 ||   225
       Blowgun           |     1 |       ||     1
 Fire: Blowgun           |    28 |       ||    28
       Hunting sling     |    12 |       ||    12
Throw: Stone             |     4 |       ||     4
  Use: Scroll            |     4 |     4 ||     8
       Potion            |       |     6 ||     6
 Stab: Sleeping          |     4 |     2 ||     6
  Eat: Chunk             |     2 |     5 ||     7
Armor: Robe              |     1 |       ||     1
       Leather armour    |    15 |    47 ||    62
Dodge: Dodged            |    45 |   154 ||   199

Table legend:
 A = Turns spent in this place as a percentage of turns spent in the entire game.
 B = Non-inter-level travel turns spent in this place as a percentage of non-inter-level travel turns spent in the entire game.
 C = Inter-level travel turns spent in this place as a percentage of turns spent in this place.
 D = Turns resting spent in this place as a percentage of non-inter-level travel turns spent in this place.
 E = Turns spent auto-exploring this place as a percentage of non-inter-level travel turns spent in this place.
 F = Non-inter-level travel turns spent in this place divided by the number of levels of this place that you've seen.
                   A       B       C       D       E      F
               +-------+-------+-------+-------+-------+----------------------
         Total | 100.0 | 100.0 |   0.5 |   1.7 |   3.6 | 332.8
       Dungeon | 100.0 | 100.0 |   0.5 |   1.7 |   3.6 | 332.8
               +-------+-------+-------+-------+-------+----------------------

Vault maps used:
D:1:      ldierk_water_garden, hangedman_glass_teeth
D:2:      st_stairs_9
D:3:      st_stairs_9, uniq_grinder
D:4:      kennysheep_big_flooded_room, minmay_temple_entry_large_hall,
          nicolae_ossuary_entry_ruins, first_bread, grunt_ministairs_15,
          elyvilon_altar_4, uniq_pikel, uniq_menkaure, uniq_natasha
